 Dungeon Crawl Stone Soup version 0.31-a0-1522-g43313d8a59 (webtiles) character file.

Game seed: 11101894283645539044

1766 Flugkiller the Magician (level 9, 0/56 HPs)
             Began as an Octopode Alchemist on Dec 30, 2023.
             Was a Believer of Kikubaaqudgha.
             Slain by Maurice
             ... wielding a +1 dagger of venom
              (9 damage)
             ... on level 7 of the Dungeon.
             The game lasted 00:12:08 (2069 turns).

Flugkiller the Magician (Octopode Alchemist)        Turns: 2069, Time: 00:12:09

Health: 0/56       AC:  1    Str:  7    XL:     9   Next: 7%
Magic:  0/19       EV: 13    Int: 25    God:    Kikubaaqudgha [**....]
Gold:   315        SH:  0    Dex: 15    Spells: 12/22 levels left

rFire   + . .        g - +0 quarterstaff
rCold   . . .        (shield currently unavailable)
rNeg    . . .        (helmet restricted)
rPois   .            (no amulet)
rElec   .            b - +6 ring of intelligence
rCorr   .            p - ring of protection from fire
SInv    .            (no ring)
Will    .....        (no ring)
Stlth   ++++         (no ring)
HPRegen 0.29/turn    (no ring)
MPRegen 0.16/turn    (no ring)
                     (no ring)

%: no passive effects
@: very slightly contaminated
A: almost no armour, amphibious, 8 rings, camouflage 1, gelatinous body 1,
(nimble swimmer 1), tentacles
a: Renounce Religion, Unearth Wretches


You were on level 7 of the Dungeon.
You worshipped Kikubaaqudgha.
Kikubaaqudgha was pleased with you.
You visited 1 branch of the dungeon, and saw 7 of its levels.

You collected 315 gold pieces.

Inventory:

Hand Weapons
 g - a +0 quarterstaff (weapon)
   (You took it off a hobgoblin on level 3 of the Dungeon)
Missiles
 r - a throwing net
Jewellery
 b - a +6 ring of intelligence (left tentacle)
   (You found it on level 1 of the Dungeon)
 p - a ring of protection from fire (right tentacle)
   (You found it on level 4 of the Dungeon)
Scrolls
 d - a scroll of enchant weapon
 e - a scroll of torment
 j - a scroll of revelation
 l - 2 scrolls of enchant armour
 n - 2 scrolls of amnesia
 t - 6 scrolls of teleportation
Potions
 a - 2 potions of magic
 c - 2 potions of enlightenment
 f - a potion of cancellation
 h - a potion of lignification
 k - a potion of brilliance {unknown}
 m - a potion of might {unknown}
 o - a potion of degeneration {unknown}
 q - 2 potions of curing
 w - a potion of heal wounds


   Skills:
 - Level 3.0 Fighting
 - Level 2.0 Dodging
 - Level 4.0 Stealth
 + Level 7.1 Spellcasting
 - Level 1.0 Conjurations
 + Level 4.3 Necromancy
 - Level 7.0 Alchemy
 - Level 2.0 Evocations


You had 12 spell levels left.
You knew the following spells:

 Your Spells              Type           Power      Damage    Failure   Level
a - Sting                 Conj/Alch      100%       1d9       1%          1
b - Olgreb's Toxic Radia  Alch           43%        N/A       3%          4
c - Vampiric Draining     Necr           30%        2d8       3%          3
d - Sublimation of Blood  Necr           30%        N/A       1%          2

Your spell library contained the following spells:

 Spells                   Type           Power      Damage    Failure   Level
 Cigotuvi's Dreadful Rot  Necr/Alch/Air  54%        N/A       2%          2
 Mercury Vapours          Alch/Air       52%        N/A       2%          2
 Fugue of the Fallen      Necr           30%        N/A       3%          3
 Slow                     Hex            32%        N/A       7%          1
 Mephitic Cloud           Conj/Alch/Air  22%        N/A       7%          3
 Sticky Flame             Fire/Alch      26%        2d6       16%         4
 Confusing Touch          Hex            8%         N/A       21%         3
 Sigil of Binding         Hex            8%         N/A       21%         3


Dungeon Overview and Level Annotations

Branches:
Dungeon (7/15) Zot: 26571  Temple (0/1) D:6

Altars:
Cheibriados
Gozag
Kikubaaqudgha
Ru
Wu Jian
Yredelemnul
Zin
The Shining One

Annotations:
D:4 exclusion: phantom
D:7 Maurice


Innate Abilities, Weirdness & Mutations

You cannot wear most types of armour.
You are amphibious.
You can wear up to eight rings at the same time.
Your skin changes colour to match your surroundings (Stealth+).
Your rubbery body absorbs attacks. (AC +1, EV +1)
((You are camouflaged when in or above water. (Stealth+)))
You have tentacles for arms and can constrict up to eight enemies at once.


Message History

You begin to radiate toxic energy.
Maurice shouts!
Maurice is poisoned.
Maurice looks even sicker.
Maurice mumbles some strange words.
Maurice blinks!
Aiming: Quicksilver Bolt
Press: ? - help, Shift-Dir - straight line, f - Maurice
Aim: Maurice, wielding a +1 dagger of venom, wearing a +1 cloak and carrying a wand of quicksilver (lightly wounded, very poisoned, 60% to hit)
The bolt of dispelling energy hits Maurice!!
Maurice is heavily wounded.
Your toxic aura wanes.
Maurice mumbles some strange words.
Maurice blinks!
Aiming: Quicksilver Bolt
Press: ? - help, Shift-Dir - straight line, f/p - Maurice
Aim: Maurice, wielding a +1 dagger of venom, wearing a +1 cloak and carrying a wand of quicksilver (heavily wounded, very poisoned, 60% to hit)
The bolt of dispelling energy misses Maurice.
Maurice gestures wildly while chanting.
Maurice blinks!
Maurice zaps a wand.
The bolt of dispelling energy misses you.
Maurice gestures wildly while chanting.
Maurice blinks!
Maurice zaps a wand.
The bolt of dispelling energy misses you.
Casting: Olgreb's Toxic Radiance (dangerous; 3% risk of failure)
Confirm with . or Enter, or press ? or * to list all spells.
You begin to radiate toxic energy.
Maurice looks even sicker.
Maurice zaps a wand.
The bolt of dispelling energy misses you.
Your toxic aura wanes.
Maurice lashes his vines and gnashes his teeth.
Maurice gestures wildly while chanting.
Maurice blinks!
Aiming: Quicksilver Bolt
Press: ? - help, Shift-Dir - straight line, f/p - Maurice
Aim: Maurice, wielding a +1 dagger of venom, wearing a +1 cloak and carrying a wand of quicksilver (heavily wounded, poisoned, 60% to hit)
The bolt of dispelling energy hits Maurice!
Maurice is severely wounded.
Aiming: Quicksilver Bolt
Press: ? - help, Shift-Dir - straight line, f/p - Maurice
Aim: Maurice, wielding a +1 dagger of venom, wearing a +1 cloak and carrying a wand of quicksilver (severely wounded, poisoned, 60% to hit)
The bolt of dispelling energy hits Maurice!!
Maurice is almost dead.
Maurice gestures wildly while chanting.
Maurice flickers and vanishes!
Deactivating autopickup; reactivate with Ctrl-A.
You hear a zap.
A bolt of dispelling energy appears from out of thin air!
The bolt of dispelling energy misses you.
You hear a zap.
A bolt of dispelling energy appears from out of thin air!
The bolt of dispelling energy hits you!
Casting: Olgreb's Toxic Radiance (dangerous; 3% risk of failure)
Confirm with . or Enter, or press ? or * to list all spells.
Aiming: Sting (safe; 1% risk of failure)
Press: ? - help, Shift-Dir - straight line, f - you
Okay, then.
Aiming: Quicksilver Bolt
Press: ? - help, Shift-Dir - straight line, f - you
Okay, then.
You hear a zap.
A bolt of dispelling energy appears from out of thin air!
The bolt of dispelling energy hits you!!
Found a fuming inky potion.
Casting: Sting (safe; 1% risk of failure)
Confirm with . or Enter, or press ? or * to list all spells.
You begin to radiate toxic energy.
Your toxic aura wanes.
You hear a zap.
A bolt of dispelling energy appears from out of thin air!
The bolt of dispelling energy misses you.
You see here a fuming inky potion.
k - a fuming inky potion You hear a zap.
A bolt of dispelling energy appears from out of thin air!
The bolt of dispelling energy misses you.
Aiming: Quicksilver Bolt
Press: ? - help, Shift-Dir - straight line The now-empty wand crumbles to dust.
You hear a zap.
A bolt of dispelling energy appears from out of thin air!
The bolt of dispelling energy hits you!
* * * LOW HITPOINT WARNING * * *
You aren't carrying any items that you can evoke.
Okay, then.
Casting: Olgreb's Toxic Radiance (dangerous; 3% risk of failure)
Confirm with . or Enter, or press ? or * to list all spells.
Aiming: Sting (safe; 1% risk of failure)
Press: ? - help, Shift-Dir - straight line You miscast Sting.
You are very lightly contaminated with residual magic.
Nothing appears to happen.
Casting: Sting (safe; 1% risk of failure)
Confirm with . or Enter, or press ? or * to list all spells.
Aiming: Sting (safe; 1% risk of failure)
Press: ? - help, Shift-Dir - straight line Something hits you!
You die...
Kikubaaqudgha rasps: "You have failed me!
Welcome... death!"

..#...#..## .
..#.......## .##
...........###..# .
.{..............#.
......#.ยง.........
......#........#
.#..###.......#####
.#..####......##..#
.....# ##.......@.#
....## ##........#
..### #...###.##
.## ##.## ### ##
###


There were no monsters in sight!

Vanquished Creatures
  3 yaks (D:7)
  A steam dragon (D:7)
  2 black bears
  An ogre (D:4)
  A phantom (D:6)
  A bullfrog (D:7)
  A scorpion (D:5)
  3 hounds (D:6)
  2 jellies (D:6)
  8 orc priests
  3 bombardier beetles
  A gnoll bouda (D:7)
  An iguana (D:6)
  2 orc wizards (D:7)
  6 gnolls
  4 adders
  A white imp (D:3)
  2 dart slugs
  8 orcs
  3 endoplasms
  4 giant cockroaches
  5 goblins
  4 hobgoblins
  5 jackals
  4 quokkas
  3 ball pythons
  6 bats
  A frilled lizard (D:3)
  3 kobolds
  8 rats
97 creatures vanquished.

Notes
Turn   | Place    | Note
-------+----------+-------------------------------------------
     0 | D:1      | Flugkiller the Octopode Alchemist began the quest for the
                  | Orb.
     0 | D:1      | Reached XP level 1. HP: 11/11 MP: 3/3
   109 | D:2      | Reached XP level 2. HP: 10/17 MP: 0/5
   372 | D:3      | Reached XP level 3. HP: 15/21 MP: 2/6
   427 | D:3      | Found a glowing golden altar of the Shining One.
   428 | D:3      | Found an ancient bone altar of Kikubaaqudgha.
   428 | D:3      | Found an opulent altar of Gozag.
   430 | D:3      | Found a snail-covered altar of Cheibriados.
   430 | D:3      | Found a basalt altar of Yredelemnul.
   432 | D:3      | Found a glowing silver altar of Zin.
   432 | D:3      | Found a sacrificial altar of Ru.
   433 | D:3      | Found an ornate altar of the Wu Jian Council.
   452 | D:3      | Became a worshipper of Kikubaaqudgha
   628 | D:3      | Reached XP level 4. HP: 27/27 MP: 2/8
   718 | D:4      | Noticed an ogre
   727 | D:4      | Learned a level 4 spell: Olgreb's Toxic Radiance
   779 | D:4      | Noticed an ogre
   795 | D:4      | Noticed a phantom
   857 | D:4      | Reached skill level 5 in Alchemy
   885 | D:4      | Reached XP level 5. HP: 26/31 MP: 4/9
   999 | D:4      | Killed an ogre
  1025 | D:5      | Entered Level 5 of the Dungeon
  1093 | D:5      | Reached XP level 6. HP: 36/36 MP: 8/11
  1104 | D:5      | Noticed a black bear
  1127 | D:5      | Killed a black bear
  1329 | D:6      | Noticed a black bear
  1336 | D:6      | Killed a black bear
  1336 | D:6      | Reached * piety under Kikubaaqudgha
  1336 | D:6      | Received a gift from Kikubaaqudgha
  1337 | D:6      | Reached skill level 1 in Fighting
  1337 | D:6      | Reached XP level 7. HP: 43/43 MP: 3/13
  1526 | D:6      | Found a staircase to the Ecumenical Temple.
  1634 | D:6      | Reached skill level 1 in Evocations
  1635 | D:6      | Reached skill level 5 in Spellcasting
  1647 | D:7      | Noticed a yak
  1647 | D:7      | Noticed a yak
  1647 | D:7      | Noticed a yak
  1658 | D:7      | Reached XP level 8. HP: 26/52 MP: 2/16
  1659 | D:7      | Killed a yak
  1659 | D:7      | Killed a yak
  1667 | D:7      | Killed a yak
  1746 | D:7      | Noticed Maurice
  1778 | D:7      | Learned a level 3 spell: Vampiric Draining
  1781 | D:7      | Learned a level 2 spell: Sublimation of Blood
  1912 | D:7      | Reached ** piety under Kikubaaqudgha
  1923 | D:7      | Reached XP level 9. HP: 32/56 MP: 1/19
  2069 | D:7      | Slain by Maurice

Illustrated notes

Levels and vault maps discovered:
D:1:      mrwooster_arrival_statue_3, layout_rooms
D:2:      layout_basic, shapermc_ecumenical_altar_pompeii
D:3:      layout_rooms, grunt_temple_overflow_open, minmay_misc_feat_pillars,
          hangedman_decor_push, minmay_vboxes
D:4:      layout_basic
D:5:      layout_basic
D:6:      layout_cave_pools, minmay_temple_entry_proselytizer
D:7:      layout_cave_pools, nicolae_sif_muna_little_library, uniq_maurice

Skill      XL: |  1  2  3  4  5  6  7  8 |
---------------+-------------------------+-----
Alchemy        | 4 5 6 7 |  7.0
Spellcasting   | 3 4 5 7 |  7.1
Fighting       | 1 3 |  3.0
Evocations     | 2 |  2.0
Necromancy     | 4 |  4.3
Stealth        | 4 |  4.0
Dodging        | |  2.0
Conjurations   | |  1.0

Action                     |  1- 3 |  4- 6 |  7- 9 || total
---------------------------+-------+-------+-------++-------
  Melee: Unarmed           |    24 |       |       ||    24
         Tentacles         |     7 |     3 |     4 ||    14
         Constrict         |     6 |     2 |     3 ||    11
         Quarterstaff      |       |    20 |    25 ||    45
         Punch             |       |       |     1 ||     1
   Cast: Sting             |    48 |    22 |    32 ||   102
         Olgreb's Toxic Ra |       |     6 |    16 ||    22
         Vampiric Draining |       |       |     2 ||     2
  Evoke: Wand              |       |     1 |    10 ||    11
    Use: Potion            |     1 |     1 |     1 ||     3
         Scroll            |       |     8 |     1 ||     9
   Stab: Distracted        |       |       |     1 ||     1
 Armour: Skin              |    18 |    23 |    28 ||    69
  Dodge: Dodged            |    25 |    26 |    37 ||    88

Table legend: (Time is in decaauts)
 A = Elapsed time spent in this place.
 B = Non-inter-level travel time spent in this place.
 C = Inter-level travel time spent in this place.
 D = Time resting spent in this place.
 E = Time spent auto-exploring this place.
 F = Levels seen in this place.
 G = Mean time per level.
                   A        B        C        D        E       F      G
               +--------+--------+--------+--------+--------+-----+--------+
         Total |   2082 |   1935 |    147 |      0 |     23 |   7 |  297.4 |
       Dungeon |   2082 |   1935 |    147 |      0 |     23 |   7 |  297.4 |
               +--------+--------+--------+--------+--------+-----+--------+

Top non-repeatable levels by time:
     D:4: 416 daAuts
     D:5: 399 daAuts
     D:3: 346 daAuts
     D:7: 344 daAuts
     D:6: 288 daAuts
     D:2: 204 daAuts
     D:1: 83 daAuts
